 Dungeon Crawl Stone Soup version 0.29.1-12-g30fa7ad0bf (webtiles) character file.

Game seed: 17300280476633518393

1532 ChadusMaximus the Trooper (level 8, 0/73 HPs)
             Began as a Minotaur Fighter on Dec 12, 2022.
             Slain by a killer bee (1 damage)
             ... on level 7 of the Dungeon.
             The game lasted 00:04:57 (5922 turns).

ChadusMaximus the Trooper (Minotaur Fighter)        Turns: 5922, Time: 00:04:58

Health: 0/73       AC: 14    Str: 22 (23) XL:     8   Next: 55%
Magic:  7/7        EV:  5    Int:  2 (5)  God:
Gold:   412        SH:  9    Dex:  8 (10) Spells: 7/7 levels left

rFire   . . .      SeeInvis +   a - +0 war axe
rCold   . . .      Faith    .   C - +0 kite shield
rNeg    . . .      Spirit   .   n - +0 plate armour
rPois   .          Reflect  .   (helmet restricted)
rElec   .          Harm     .   (no cloak)
rCorr   .          Rampage  .   (no gloves)
Will    .....                   q - +0 pair of boots
Stlth   ..........              x - amulet of regeneration
HPRegen 1.02/turn               r - ring of see invisible
MPRegen 0.10/turn               (no ring)

@: lethally poisoned (0 -> -5)
A: horns 2, retaliatory headbutt
a: no special abilities


You were on level 7 of the Dungeon.
You visited 2 branches of the dungeon, and saw 8 of its levels.

You collected 412 gold pieces.

Inventory:

Hand Weapons
 a - a +0 war axe (weapon)
Armour
 b - a +0 scale mail
 c - a +0 buckler
 n - a +0 plate armour (worn)
 q - a +0 pair of boots (worn)
 C - a +0 kite shield (worn)
Jewellery
 r - a ring of see invisible (left hand)
 w - a ring of ice
 x - an amulet of regeneration (around neck)
 F - a ring of positive energy
 K - the amulet "Kueluw" {Spirit Int+2 SInv}
   (You found it on level 6 of the Dungeon)

   [amulet of guardian spirit]

   It causes incoming damage to be divided between your reserves of health and
   magic.
   Int:       It affects your intelligence (+2).
   SInv:      It lets you see invisible.
Wands
 H - a wand of light (11)
 I - a wand of mindburst (6)
Scrolls
 f - a scroll of acquirement {unknown}
 h - 4 scrolls of teleportation {unknown}
 j - 3 scrolls of poison {unknown}
 k - 7 scrolls of identify {unknown}
 l - a scroll of blinking {unknown}
 o - a scroll of enchant armour {unknown}
 p - 2 scrolls of enchant weapon {unknown}
 s - 2 scrolls of fog {unknown}
 t - a scroll of fear {unknown}
 u - a scroll of immolation {unknown}
 y - a scroll of magic mapping {unknown}
 A - a scroll of silence {unknown}
 B - 3 scrolls of noise {unknown}
 G - a scroll of vulnerability {unknown}
 J - a scroll of summoning {unknown}
Potions
 d - a potion of might
 e - 3 potions of degeneration
 g - a potion of ambrosia {unknown}
 i - 2 potions of attraction {unknown}
 m - 2 potions of lignification {unknown}
 v - 2 potions of heal wounds {unknown}
 z - 3 potions of curing {unknown}
 D - 2 potions of haste {unknown}
 E - a potion of magic {unknown}


   Skills:
 + Level 7.4 Fighting
 + Level 6.8 Axes
 + Level 7.4 Armour
 + Level 7.3 Shields


You had 7 spell levels left.
You didn't know any spells.
Your spell library contained the following spells:

 Spells                   Type           Power      Damage    Failure   Level
 Beastly Appendage        Tmut           0%         N/A       100%        1
 Static Discharge         Conj/Air       0%         3-3/arc   100%        2
 Wereblood                Tmut           0%         N/A       100%        2
 Spider Form              Tmut/Pois      0%         N/A       100%        3
 Corpse Rot               Necr/Pois/Air  0%         N/A       100%        4
 Freezing Cloud           Conj/Ice/Air   0%         6-21      100%        5
 Summon Forest            Summ/Tloc      0%         N/A       100%        5
 Eringya's Noxious Bog    Tmut/Pois      0%         N/A       100%        6
 Summon Hydra             Summ           0%         N/A       100%        7


Dungeon Overview and Level Annotations

Branches:
Dungeon (7/15)             Temple (1/1) D:6

Altars:
Cheibriados
Dithmenos
Elyvilon
Fedhas
Gozag
Makhleb
Nemelex Xobeh
Sif Muna
Trog
Uskayaw
Vehumet
Xom
Yredelemnul

Shops:
D:3 !

Annotations:
D:6 1 transporter, H0rd4k's ghost, novice OpAr


Innate Abilities, Weirdness & Mutations

You have a pair of horns on your head.
You reflexively headbutt those who attack you in melee.


Message History

You feel very sick.
The killer bee stings you but does no damage.
The killer bee stings you. You block the killer bee's attack.
The killer bee barely misses you. You block the killer bee's attack.
The killer bee stings you but does no damage.
You closely miss the killer bee. Your headbutt misses the killer bee.
The killer bee is heavily wounded.
You hit the killer bee. You closely miss the killer bee.
You feel very sick.
You block the killer bee's attack. x3; The killer bee stings you.
* * * LOW HITPOINT WARNING * * *
You are more poisoned.
The killer bee poisons you!
The killer bee stings you but does no damage.
The killer bee closely misses you. You furiously retaliate!
You headbutt the killer bee!
You kill the killer bee!
The killer bee stings you.
* * * LOW HITPOINT WARNING * * *
The killer bee stings you but does no damage.
You closely miss the killer bee. You miss the killer bee.
You feel very sick.
The killer bee stings you but does no damage. x3
You block the killer bee's attack.
You closely miss the killer bee. You barely miss the killer bee.
You feel very sick.
The killer bee stings you but does no damage.
You block the killer bee's attack. x2; The killer bee stings you.
* * * LOW HITPOINT WARNING * * *
You are lethally poisoned!
The killer bee poisons you! The killer bee stings you.
* * * LOW HITPOINT WARNING * * *
The killer bee stings you but does no damage.
It was a potion of degeneration.
There was something very wrong with that liquid.
You feel weakened.
You feel dopey.
You feel clumsy.
* * * LOW HITPOINT WARNING * * *
You feel very sick. The killer bee stings you.
You die...

##### #######...#
#.........# #.........#
#.........# #.........#
#......@†.##############
+.....yy...............)
#......†..##############
#......#### #######. .
.. .. ...


You could see 2 killer bees.

Vanquished Creatures
  A steam dragon (D:3)
  Duvessa (D:4)
  An ice beast (D:5)
  An ogre (D:6)
  3 centaurs
  A kobold brigand (D:6)
  3 scorpions
  Dowan (D:4)
  3 killer bees (D:7)
  A howler monkey (D:4)
  3 jellies (D:5)
  2 hounds
  Terence (D:3)
  An iguana (D:6)
  2 orc wizards
  3 gnolls (D:2)
  4 adders
  5 dart slugs
  A worm (D:2)
  19 orcs
  6 ball pythons
  2 bats
  7 endoplasms
  4 giant cockroaches
  8 goblins
  6 hobgoblins
  4 jackals (D:4)
  3 quokkas
  3 frilled lizards
  11 kobolds
  8 rats
119 creatures vanquished.

Notes
Turn   | Place    | Note
-------+----------+-------------------------------------------
     0 | D:1      | ChadusMaximus the Minotaur Fighter began the quest for the
                  | Orb.
     0 | D:1      | Reached XP level 1. HP: 19/19 MP: 0/0
   421 | D:1      | Reached XP level 2. HP: 22/27 MP: 1/1
   536 | D:1      | Found a faded altar of an unknown god.
  1199 | D:2      | Reached XP level 3. HP: 22/33 MP: 2/2
  1610 | D:2      | Reached XP level 4. HP: 33/41 MP: 3/3
  1796 | D:2      | Found a sparkling altar of Nemelex Xobeh.
  2246 | D:3      | Noticed Terence
  2258 | D:3      | Killed Terence
  2259 | D:3      | Reached XP level 5. HP: 17/47 MP: 4/4
  2563 | D:3      | Noticed a steam dragon
  2575 | D:3      | Killed a steam dragon
  2576 | D:3      | Reached skill level 5 in Fighting
  2576 | D:3      | Reached skill level 5 in Armour
  2576 | D:3      | Reached skill level 5 in Shields
  2576 | D:3      | Reached XP level 6. HP: 20/56 MP: 5/5
  2828 | D:3      | Found Neheifuc's Distillery.
  3342 | D:4      | Noticed Duvessa
  3342 | D:4      | Noticed Dowan
  3877 | D:4      | Killed Dowan
  3884 | D:4      | Killed Duvessa
  3885 | D:4      | Reached skill level 5 in Axes
  3885 | D:4      | Reached XP level 7. HP: 20/62 MP: 6/6
  4190 | D:5      | Entered Level 5 of the Dungeon
  4926 | D:6      | Reached XP level 8. HP: 71/71 MP: 7/7
  4933 | D:6      | Found a transporter.
  4937 | D:6      | Noticed H0rd4k's ghost (novice OpAr)
  4940 | D:6      | Identified the +5 great mace of Ekkerouc {holy, Int-3
                  | Dex+3}
  5062 | D:6      | Found a staircase to the Ecumenical Temple.
  5222 | Temple   | Entered the Ecumenical Temple
  5656 | D:6      | Identified the amulet "Kueluw" {Spirit Int+2 SInv}
  5891 | D:7      | Got the Tome of Atmospheric Generation
  5921 | D:7      | HP: 3/73 [killer bee (1)]
  5922 | D:7      | HP: 1/73 [poisoned by a killer bee]
  5922 | D:7      | Slain by a killer bee

Illustrated notes

Levels and vault maps discovered:
D:1:      minmay_arrival_arboretum_large, layout_basic,
          nicolae_ecumenical_snake_handling
D:2:      layout_basic, basic_altar
D:3:      layout_basic, serial_shops, shop, supply_closet_lemuel, uniq_terence
D:4:      layout_basic, uniq_duvessa
D:5:      layout_loops_ring
D:6:      layout_rooms, minmay_temple_entry_antechambers, gammafunk_ghost_smash
D:7:      layout_basic
Temple:   compressed_dpeg_triangle_lava_temple

Skill      XL: |  1  2  3  4  5  6  7  8 |
---------------+-------------------------+-----
Fighting       | 4 5 6 7 |  7.4
Armour         | 4 5 6 7 |  7.4
Shields        | 4 5 6 7 |  7.3
Axes           | 3 4 5 6 |  6.8

Action                   |  1- 3 |  4- 6 |  7- 9 || total
-------------------------+-------+-------+-------++-------
Melee: War axe           |    55 |   152 |   102 ||   309
       Headbutt          |     6 |    18 |    21 ||    45
  Use: Potion            |       |       |     1 ||     1
Armor: Scale mail        |    19 |       |       ||    19
       Plate armour      |    12 |    99 |    75 ||   186
Dodge: Dodged            |    29 |    44 |    33 ||   106
Block: Buckler           |    12 |    35 |       ||    47
       Kite shield       |       |    29 |    47 ||    76
